 Dungeon Crawl Stone Soup version 0.31.0-9-g3a7656b989 (webtiles) character file.

Game seed: 8839438496377764756

126 qw the Skirmisher (level 4, -2/25 HPs)
             Began as a Deep Elf Hunter on Feb 2, 2024.
             Slain by a mummy (20 damage)
             ... in an ossuary.
             The game lasted 00:00:06 (1570 turns).

qw the Skirmisher (Deep Elf Hunter)                 Turns: 1570, Time: 00:00:06

Health: -2/25      AC:  7    Str: 10    XL:     4   Next: 83%
Magic:  6/6        EV: 11    Int: 14    God:
Gold:   161        SH:  0    Dex: 18    Spells: 3/3 levels left

rFire   . . .        a - +0 shortbow
rCold   + . .        (shield currently unavailable)
rNeg    . . .        e - +2 ring mail {rC+}
rPois   +            (no helmet)
rElec   .            (no cloak)
rCorr   .            (no gloves)
SInv    .            (no boots)
Will    .....        (no amulet)
Stlth   +            g - ring of poison resistance
HPRegen 0.24/turn    (no ring)
MPRegen 0.10/turn

%: no passive effects
@: marked
A: no striking features
a: no special abilities


You were in an ossuary.
You visited 1 branch of the dungeon, and saw 4 of its levels.
You also visited: Ossuary.

You collected 161 gold pieces.


   Skills:
 - Level 1.5 Fighting
 + Level 8.2 Ranged Weapons
 - Level 2.4 Dodging
 - Level 1.2 Stealth


You had 3 spell levels left.
You didn't know any spells.
Your spell library was empty.

Inventory:

Hand Weapons
 a - a +0 shortbow (weapon)
Armour
 e - a +2 ring mail of cold resistance (worn)
Jewellery
 g - a ring of poison resistance (left hand)
Potions
 d - a potion of curing
 f - a potion of mutation

Dungeon Overview and Level Annotations

Branches:
Dungeon (4/15)            Ossuary (1/1)
 Temple: D:4-7

Altars:
Cheibriados
Makhleb
Wu Jian


Message History

Found a gate leading back out of this place.
There is an empty arch of ancient stone here.
Waypoint 4 assigned to Ossuary.
You open the door.
There is an open door here.
As you open the gate, it creaks loudly!
There is an open gate here.
You open the large door.
A mummy, a burial acolyte and an orc zombie come into view.
The burial acolyte shouts!
The mummy pulls the alarm!
The alarm trap emits a blaring wail!
A sentinel's mark forms upon you.
You hear a shout!
Found a green potion, a scroll of noise and a potion of degeneration.
You shoot an arrow.
The arrow completely misses the orc zombie.
The orc zombie hits you but does no damage.
An orc zombie comes into view.
You shoot an arrow. The arrow barely misses the orc zombie.
The orc zombie closely misses you.
You shoot an arrow. The arrow hits the orc zombie.
The orc zombie is heavily damaged.
The orc zombie hits you but does no damage.
You shoot an arrow. The arrow hits the orc zombie.
You destroy the orc zombie!
A burial acolyte opens the large door.
The mummy barely misses you.
You shoot an arrow. The arrow completely misses the mummy.
The arrow barely misses the burial acolyte.
The orc zombie hits you but does no damage.
You shoot an arrow. The arrow completely misses the mummy.
The arrow hits the burial acolyte.
The burial acolyte is lightly wounded.
The burial acolyte recites a funeral chant.
The mummy is empowered.
The orc zombie is empowered.
The mummy hits you!
1570 ||| RETREEEEATING.
Found a potion of degeneration and a scroll of blinking.
The mummy attacks as it pursues you! The mummy hits you!!
Ouch! That really hurt!
You die...

#### !?. .!.
#.# ###+###
#Z### ##.....##
##'p.#
##.......###M.#
+.........'.@.#
+....}....'.#^#
+.........'..^#
#.......###^p#
##.....## ##''
##+#'## #.#
#...# #^# ##.##
!? #.\.#


You could see a mummy (strong, swift), 2 burial acolytes and an orc zombie
(strong, swift).

Vanquished Creatures
  A scorpion (D:3)
  An adder (D:2)
  3 gnolls (D:3)
  2 ball pythons
  3 endoplasms
  A giant cockroach (D:1)
  2 goblins
  4 hobgoblins
  A kobold (D:2)
  2 quokkas
  2 bats (D:2)
  3 frilled lizards (D:1)
  An orc zombie (Ossuary)
  5 rats
31 creatures vanquished.

Notes
Turn   | Place    | Note
-------+----------+-------------------------------------------
     0 | D:1      | qw the Deep Elf Hunter began the quest for the Orb.
     0 | D:1      | Reached XP level 1. HP: 12/12 MP: 3/3
     0 | D:1      | 0 ||| qw: Version: 0.3-a-155-g5e7d8dd
     0 | D:1      | 0 ||| qw: Game counter: 1075
     0 | D:1      | 0 ||| qw: Melee chars always use a shield: true
     0 | D:1      | 0 ||| qw: God list: Okawaru
     0 | D:1      | 0 ||| qw: Allow faded altars: false
     0 | D:1      | 0 ||| qw: Do Orc after clearing Dungeon:15 true
     0 | D:1      | 0 ||| qw: Do second Lair branch before Depths: true
     0 | D:1      | 0 ||| qw: Lair rune preference: random
     0 | D:1      | 0 ||| qw: Goals: Normal
     0 | D:1      | 0 ||| PLANNING D:1-11
   226 | D:1      | Reached XP level 2. HP: 12/16 MP: 4/4
   332 | D:1      | Reached skill level 6 in Ranged Weapons
   429 | D:1      | 429 ||| UPGRADING to +2 ring mail of cold resistance.
   439 | D:1      | 439 ||| DROPPING +0 leather armour.
   440 | D:1      | 440 ||| UPGRADING to ring of poison resistance.
   441 | D:1      | 441 ||| READING scroll labelled KEICZI SUAKALO.
   442 | D:1      | 442 ||| DROPPING scroll of butterflies.
   668 | D:2      | Reached XP level 3. HP: 20/20 MP: 5/5
   818 | D:2      | 818 ||| READING 2 scrolls labelled AZOTYU TUMU.
   818 | D:2      | 818 ||| IDENTIFYING sapphire potion
   819 | D:2      | 819 ||| READING scroll of identify.
   819 | D:2      | 819 ||| IDENTIFYING puce potion
   820 | D:2      | 820 ||| READING scroll labelled DINKET KIRACLO.
   821 | D:2      | 821 ||| READING 2 scrolls labelled ONEMIAP HU DUAN.
   822 | D:2      | 822 ||| DROPPING scroll of blinking.
   932 | D:3      | Reached skill level 7 in Ranged Weapons
  1115 | D:3      | Found a burning altar of Makhleb.
  1297 | D:3      | Found an ornate altar of the Wu Jian Council.
  1440 | D:4      | Noticed a scorpion
  1441 | D:4      | 1441 ||| PLANNING OSSUARY
  1444 | D:4      | 1444 ||| STAIRDANCE
  1453 | D:3      | Killed a scorpion
  1454 | D:3      | Reached skill level 8 in Ranged Weapons
  1454 | D:3      | Reached XP level 4. HP: 12/25 MP: 6/6
  1545 | D:4      | Found a sand-covered staircase.
  1545 | D:4      | Found a snail-covered altar of Cheibriados.
  1549 | Ossuary  | Entered an ossuary
  1570 | Ossuary  | 1570 ||| RETREEEEATING.
  1570 | Ossuary  | Slain by a mummy

Levels and vault maps discovered:
D:1:      amcnicky_arrival_feature_with_door, layout_rooms
D:2:      layout_rooms, minmay_misc_feat_columns
D:3:      layout_rooms, nicolae_wu_jian_glorious_leap,
          mainiacjoe_overflow_concentric_impassable, interstate_on_off
D:4:      layout_loops_cross, mainiacjoe_overflow_chevrons,
          minmay_temple_entry_glass, lightli_ossuary_entry_decrepit_ruins,
          kennysheep_small_square
Ossuary:  ossuary_crypta

Skill      XL: |  1  2  3 |
---------------+----------+-----
Ranged Weapons | 6 8 |  8.2
Fighting       | |  1.5
Dodging        | |  2.4
Stealth        | |  1.2

Action                     |  1- 3 |  4- 6 || total
---------------------------+-------+-------++-------
   Fire: Shortbow          |    84 |    14 ||    98
    Use: Scroll            |     5 |       ||     5
 Armour: Leather armour    |     2 |       ||     2
         Ring mail         |    11 |    10 ||    21
  Dodge: Dodged            |    14 |     6 ||    20

Table legend:
 A = Non-vault XP
 B = Vault XP
 C = Vault XP percentage of total XP
 D = Non-vault monster count
 E = Vault monster count
 F = Vault count percentage of total count
                 A         B        C        D         E       F
            +---------+---------+-------+---------+---------+-------
      Total |     179 |       1 |   0.6 |      30 |       1 |   3.2
            +---------+---------+-------+---------+---------+-------
        D:1 |      16 |       0 |   0.0 |      10 |       0 |   0.0
        D:2 |      27 |       0 |   0.0 |      10 |       0 |   0.0
        D:3 |     130 |       0 |   0.0 |       7 |       0 |   0.0
        D:4 |       6 |       0 |   0.0 |       3 |       0 |   0.0
    Ossuary |       0 |       1 | 100.0 |       0 |       1 | 100.0
            +---------+---------+-------+---------+---------+-------
